 Dungeon Crawl Stone Soup version 0.23.1 (webtiles) character file.

Game seed: 9551104574622622310

685 Ethylacetat the Slasher (level 7, -5/66 HPs)
             Began as a Naga Gladiator on Mar 4, 2019.
             Was an Initiate of Cheibriados.
             Killed by nerve-wracking pain
             ... invoked by an orc priest
              (12 damage)
             ... on level 5 of the Dungeon.
             The game lasted 00:10:59 (3439 turns).

Ethylacetat the Slasher (Naga Gladiator)            Turns: 3439, Time: 00:11:00

Health: -5/66      AC:  8    Str: 19    XL:     7   Next: 62%
Magic:  7/7        EV: 10    Int: 10    God:    Cheibriados [......]
Gold:   180        SH:  0    Dex: 13    Spells: 6/6 levels left

rFire    . . .     SeeInvis +   F - +7 whip of Impermanence {drain, *Rage rElec rC+++}
rCold    + + +     Gourm    .   (no shield)
rNeg     . . .     Faith    .   b - +0 leather armour
rPois    +         Spirit   .   c - +0 helmet
rElec    +         Reflect  .   t - +2 cloak
rCorr    .         Harm     .   g - +0 pair of gloves
MR       .....     Rnd*Rage +   (no barding)
Stlth    +.........             (no amulet)
HPRegen  0.21/turn              o - ring of flight
MPRegen  0.10/turn              (no ring)

@: very slow
A: large, see invisible, deformed body, poison resistance, slowness 2, slow
metabolism 1, spit poison 1, AC +2
a: Spit Poison, Bend Time, Renounce Religion, Evoke Flight


You were on level 5 of the Dungeon.
You worshipped Cheibriados.
Cheibriados was noncommittal.
You were hungry.

You visited 2 branches of the dungeon, and saw 6 of its levels.

You collected 180 gold pieces.

Inventory:

Hand Weapons
 a - a +0 long sword
 m - a +2 short sword of speed
 y - a +0 longbow
 F - the +7 whip of Impermanence (weapon) {drain, *Rage rElec rC+++}
   (You found it on level 5 of the Dungeon)

   A truly terrible weapon, it drains the life of those it strikes.
   It renders you almost immune to cold.
   It insulates you from electricity.
   It may make you go berserk in combat.
Missiles
 d - 3 throwing nets (quivered)
 k - 72 arrows
 r - 7 curare-tipped needles
Armour
 b - a +0 leather armour (worn)
 c - a +0 helmet (worn)
 g - a +0 pair of gloves (worn)
 t - a +2 cloak (worn)
Jewellery
 o - a ring of flight (left hand)
Wands
 u - a wand of polymorph (9)
Scrolls
 e - 2 scrolls of remove curse {unknown}
 h - 7 scrolls of identify {unknown}
 l - a scroll of amnesia {unknown}
 n - 2 scrolls of enchant weapon {unknown}
 p - a scroll of random uselessness {unknown}
 s - 2 scrolls of enchant armour {unknown}
 v - 7 scrolls of teleportation {unknown}
 D - a scroll of fog {unknown}
 E - a scroll of noise {unknown}
 H - a scroll of magic mapping {unknown}
Potions
 i - a potion of mutation {unknown}
 j - a potion of brilliance {unknown}
 q - a potion of lignification {unknown}
 w - a potion of haste {unknown}
 x - a potion of flight {unknown}
 A - a potion of degeneration {unknown}
 B - 2 potions of agility {unknown}
 C - a potion of resistance {unknown}
 G - 2 potions of heal wounds {unknown}
Comestibles
 f - 12 rations
 z - a chunk of flesh


   Skills:
 + Level 4.7 Fighting
 * Level 6.7 Long Blades
 * Level 2.3 Bows
 - Level 2.0 Throwing
 - Level 2.4 Dodging


You had 6 spell levels left.
You didn't know any spells.
Your spell library was empty.

Dungeon Overview and Level Annotations

Branches:
Dungeon (5/15)             Temple (1/1) D:4

Altars:
Cheibriados
Dithmenos
Fedhas
Gozag
Uskayaw
Wu Jian
Xom
Yredelemnul

Shops:
D:4 }


Innate Abilities, Weirdness & Mutations

You cannot wear boots.
Your serpentine skin is tough. (AC +2)
You have supernaturally acute eyesight. (SInv)
Armour fits poorly on your strangely shaped body.
Your system is resistant to poisons. (rPois)
You cover ground very slowly.
You have a slow metabolism.
You can spit poison.


Message History

The orc hits you but does no damage.
You hit the orc wizard. You drain the orc wizard.
You kill the orc wizard!
Cheibriados thoroughly appreciates the change of pace.
The orc hits you but does no damage. The orc priest barely misses you.
You closely miss the orc priest. The orc hits you but does no damage.
The orc priest closely misses you.
You hit the orc priest but do no damage.
You drain the orc priest.
The orc priest is lightly wounded.
The orc hits you with a +0 dagger.
* * * LOW HITPOINT WARNING * * *
The orc priest hits you with a +0 whip.
* * * LOW HITPOINT WARNING * * *
You closely miss the orc priest.
The orc priest is lightly wounded.
The orc hits you but does no damage.
The orc priest mumbles some strange prayers to Beogh against you.
Pain shoots through your body!
You die...

#.#
##.##..#
##.#
#.##..#
#..#
#......
#(##
####..#
#.# #..#
## #.#
#.(#
#.##.#
#..# #.#.#
#... #@o#
####
###..o#.#
#.......#
#.##..(..
#.########
#.# # #.#
#.
######.###
.###
#)<......#
..#


You could see an orc priest and an orc.

Vanquished Creatures
  A hungry ghost (D:3)
  An ogre (D:4)
  A centaur (D:5)
  A water moccasin skeleton (D:2)
  2 orc priests
  2 orc wizards
  3 worker ants
  A hound skeleton (D:4)
  An adder (D:3)
  A shadow imp (D:5)
  2 oozes (D:2)
  2 worms (D:3)
  2 dart slugs
  7 leopard geckos
  11 orcs
  9 bats
  8 giant cockroaches
  11 goblins
  5 hobgoblins
  4 jackals (D:5)
  2 quokkas
  2 ball pythons
  4 frilled lizards
  7 kobolds
  8 rats
98 creatures vanquished.

Notes
Turn   | Place    | Note
-------+----------+-------------------------------------------
     0 | D:1      | Ethylacetat the Naga Gladiator began the quest for the Orb.
     0 | D:1      | Reached XP level 1. HP: 19/19 MP: 1/1
    40 | D:1      | Reached XP level 2. HP: 16/26 MP: 2/2
   725 | D:1      | Reached XP level 3. HP: 33/33 MP: 3/3
  1162 | D:2      | Reached skill level 4 in Long Blades
  1162 | D:2      | Reached XP level 4. HP: 25/42 MP: 4/4
  1554 | D:2      | Found a blossoming altar of Fedhas.
  1561 | D:2      | Reached XP level 5. HP: 28/49 MP: 5/5
  1848 | D:3      | Found a basalt altar of Yredelemnul.
  1915 | D:3      | Reached skill level 5 in Long Blades
  2104 | D:3      | Noticed a hungry ghost
  2124 | D:3      | Killed a hungry ghost
  2124 | D:3      | Reached XP level 6. HP: 57/57 MP: 6/6
  2581 | D:4      | Reached skill level 6 in Long Blades
  2678 | D:4      | Found Naog's Gadget Shoppe.
  2912 | D:4      | Reached XP level 7. HP: 60/66 MP: 7/7
  2938 | D:4      | Reached skill level 1 in Bows
  3023 | D:4      | Found a staircase to the Ecumenical Temple.
  3029 | Temple   | Entered the Ecumenical Temple
  3038 | Temple   | Became a worshipper of Cheibriados the Contemplative
  3146 | D:5      | Entered Level 5 of the Dungeon
  3159 | D:5      | Got a slimy whip
  3160 | D:5      | Identified the +7 whip of Impermanence {drain, *Rage rElec
                  | rC+++} (You found it on level 5 of the Dungeon)
  3439 | D:5      | Killed from afar by an orc priest

Skill      XL: |  1  2  3  4  5  6  7 |
---------------+----------------------+-----
Throwing       | 2 |  2.0
Fighting       | 3 4 |  4.7
Long Blades    | 4 5 6 |  6.7
Bows           | 2 |  2.3
Dodging        | |  2.4

Action                   |  1- 3 |  4- 6 |  7- 9 || total
-------------------------+-------+-------+-------++-------
Melee: Long sword        |    41 |       |       ||    41
       Short sword       |    61 |   170 |       ||   231
       Whip              |       |       |    33 ||    33
 Fire: Longbow           |       |    24 |    26 ||    50
 Stab: Sleeping          |     1 |     2 |       ||     3
  Eat: Chunk             |       |     6 |     1 ||     7
Armor: Leather armour    |    27 |    51 |    26 ||   104
Dodge: Dodged            |    71 |    97 |    33 ||   201
       Rpst.: Long sword |    11 |       |       ||    11
